 Dungeon Crawl Stone Soup version 0.30-a0-347-gf58ed5266c (webtiles) character file.

Game seed: 13824786385457515825

18921 Zonian the Fighter (level 13, -3/88 HPs)
             Began as a Djinni Ice Elementalist on Nov 5, 2022.
             Was a High Priest of Hepliaklqana.
             Slain by a komodo dragon (14 damage)
             ... on level 3 of the Lair of Beasts.
             The game lasted 00:42:09 (24370 turns).

Zonian the Fighter (Djinni Ice Elementalist)       Turns: 24370, Time: 00:42:09

Health: -3/88      AC:  6    Str:  7    XL:     13   Next: 0%
Gold:   1363       EV: 14    Int: 21    God:    Hepliaklqana [*****.] SH:  0 Dex: 15

rFire   + . .      SeeInvis .    B - +1 short sword (speed)
rCold   . . .      Faith    .    (no shield)
rNeg    . . .      Spirit   .    A - +2 robe {Will+}
rPois   ∞          Reflect  .    (no helmet)
rElec   .          Harm     .    x - +1 cloak
rCorr   .          Rampage  .    (no gloves)
Will    ++...                    (boots unavailable)
Stlth   +++.......               (no amulet)
HPRegen 0.34/turn                n - ring of ice
MPRegen 0.00/turn                C - ring of wizardry

@: flying
A: reduced essence, sickness immunity, fire resistance 2, cold vulnerability 1,
float, innate caster, HP casting, extra vitality 1
a: Renounce Religion, Recall Ancestor, Ancestor Identity, Transference, Idealise


You were on level 3 of the Lair of Beasts.
You worshipped Hepliaklqana.
Hepliaklqana was extremely pleased with you.
You visited 2 branches of the dungeon, and saw 12 of its levels.

You collected 1525 gold pieces.
You spent 162 gold pieces at shops.

Inventory:

Hand Weapons
 c - a +0 short sword
 e - a +1 falchion of protection
 l - a +2 dagger of speed
 v - the +3 woodcutter's axe {vorpal}
   (You found it on level 5 of the Dungeon)

   It inflicts extra damage upon your enemies.
 w - a +3 long sword of freezing
 B - a +1 short sword of speed (weapon)
 I - a +2 whip of electrocution
 L - a +1 demon whip of venom
 M - a +0 scimitar of flaming
Missiles
 s - 28 poisoned darts
Armour
 a - a +0 robe
 d - a +2 scale mail of cold resistance
 x - a +1 cloak (worn)
 A - a +2 robe of willpower (worn)
 F - +0 steam dragon scales
Jewellery
 n - a ring of ice (left hand)
 y - a +4 ring of protection
 z - the ring of Perion {Fire Dex+6}
   (You acquired it on level 6 of the Dungeon)

   [ring of fire]

   It enhances your fire magic.
   Dex:       It affects your dexterity (+6).
   rF:        It protects you from fire.
   rC:        It makes you vulnerable to cold.
 C - a ring of wizardry (right hand)
 E - a ring of see invisible
Wands
 q - a wand of polymorph (7)
 u - a wand of mindburst (7)
 G - a wand of flame (20)
 J - a wand of charming (4)
 N - a wand of roots (4)
Scrolls
 b - 2 scrolls of fear
 m - 6 scrolls of teleportation
 r - 2 scrolls of magic mapping
 t - 2 scrolls of butterflies
Potions
 f - 2 potions of heal wounds
 g - 4 potions of lignification
 h - 2 potions of brilliance
 i - 3 potions of curing
 j - 2 potions of haste
 k - a potion of magic {unknown}
 o - 2 potions of invisibility {unknown}
 p - 2 potions of berserk rage {unknown}
 D - a potion of ambrosia
 H - a potion of cancellation {unknown}
Miscellaneous
 K - a condenser vane (inert)


   Skills:
 + Level 10.9 Fighting
 - Level 8.0 Short Blades
 - Level 5.0 Dodging
 - Level 4.0 Stealth
 - Level 10.1 Spellcasting
 - Level 6.7 Invocations


You had one spell level left.
You knew the following spells:

 Your Spells              Type           Power      Damage    Failure   Level
a - Freeze                Ice            100%       1d10      1%          1
b - Frozen Ramparts       Ice            100%       1d16      1%          3
c - Ozocubu's Armour      Ice            69%        N/A       1%          3
d - Summon Ice Beast      Ice/Summ       69%        N/A       1%          4
e - Summon Small Mammal   Summ           100%       N/A       1%          1
f - Static Discharge      Conj/Air       100%       2-7/arc   1%          2
g - Tukima's Dance        Hex            52%        N/A       1%          3
h - Animate Dead          Necr           52%        N/A       1%          4
i - Blade Hands           Tmut           26%        N/A       1%          5
j - Yara's Violent Unrav  Hex/Tmut       26%        3d11      1%          5
Your spell library was empty.

Dungeon Overview and Level Annotations

Branches:
Dungeon (9/15)             Temple (0/1) D:5            Lair (3/5) D:9
 Spider (0/4) Lair:2
  Swamp: Lair:2-3    Shoals: Lair:2-3       Orc: D:9-12

Altars:
Hepliaklqana
Nemelex Xobeh
Xom
Zin
The Shining One

Shops:
D:2 (   D:3 [

Annotations:
Lair:1 2 transporters, Shayle's ghost, novice DjRe


Innate Abilities, Weirdness & Mutations

Your life essence is reduced to manifest your ancestor. (-10% HP)
You are immune to sickness and miasma.
You are immune to poison.
Your flesh is very heat resistant. (rF++)
You are vulnerable to cold. (rC-)
You float through the air rather than walking.
You learn spells naturally, not from books.
Your magical power is your life essence.
You have superior vitality. (+4 MHP)


Message History

The komodo dragon is lightly wounded.
Fancypants barely misses the komodo dragon.
You closely miss the komodo dragon.
The komodo dragon is lightly wounded.
You hit the komodo dragon but do no damage.
The komodo dragon is lightly wounded.
The komodo dragon bites you!!
Fancypants hits the komodo dragon with a +0 flail!
You are too injured to fight recklessly!
You are too injured to fight recklessly!
You are too injured to fight recklessly!
You are too injured to fight recklessly!
Unknown command.
You hit the komodo dragon.
The komodo dragon is heavily wounded.
You hit the komodo dragon but do no damage.
The komodo dragon is heavily wounded.
The komodo dragon bites you!
* * * LOW HITPOINT WARNING * * *
Unknown command.
Casting: Frozen Ramparts (safe; 1% risk of failure)
Confirm with . or Enter, or press ? or * to list all spells.
Fancypants avoids your attack.
The komodo dragon is struck by an arc of lightning.
The komodo dragon is heavily wounded.
Fancypants avoids your attack.
* * * LOW HITPOINT WARNING * * *
Fancypants closely misses the komodo dragon.
The komodo dragon bites you!
* * * LOW HITPOINT WARNING * * *
Casting: Static Discharge (safe; 1% risk of failure)
Confirm with . or Enter, or press ? or * to list all spells.
Fancypants avoids your attack.
The komodo dragon is struck by an arc of lightning.
The komodo dragon is heavily wounded.
Fancypants avoids your attack.
* * * LOW HITPOINT WARNING * * *
Fancypants hits the komodo dragon with a +0 flail!
The komodo dragon bites you!
You die...

#. ..## ..########.#.
............ ..#....
........... ..#....
..........# .......
..........## ..#....
.......l...# .......
....!..@R..## .##.#...
..........#.# .....#..
...........# #.<....
..........## #......
..........########...#..
.....##+#.......#...#...
..... #.......#...#...
.......⌠...#...#[..#....
...# #........##...###.P


You could see the friendly Fancypants the knight and a komodo dragon (ally
target).

Vanquished Creatures
  Erica (Lair:2)
  Amaemon (Lair:2)
  Pikel (D:9)
  3 cane toads
  2 rime drakes
  A hornet (D:9)
  Prince Ribbit (D:5)
  2 jumping spiders (Lair:2)
  5 spriggans (Lair:1)
  2 wyverns
  A culicivora (Lair:2)
  12 yaks
  4 redbacks (Lair:2)
  3 water moccasins
  A sky beast (D:7)
  3 ogres
  3 wolves
  A kobold brigand (D:4)
  3 bullfrogs
  A scorpion (D:7)
  A wight (D:6)
  5 killer bees (D:8)
  2 howler monkeys
  A gnoll bouda (D:7)
  3 jellies
  3 orc priests
  5 iguanas (D:5)
  Natasha (twice) (D:3)
  3 orc wizards
  9 gnolls
  7 adders
  An ufetubus (D:6)
  5 dart slugs
  14 orcs
  6 bats
  7 endoplasms
  7 giant cockroaches
  6 hobgoblins
  3 jackals
  11 kobolds
  2 quokkas
  8 ball pythons
  4 frilled lizards
  7 goblins
  7 rats
180 creatures vanquished.

Vanquished Creatures (collateral kills)
  A two-headed ogre (D:9)
  4 black mambas
  An orange demon (Lair:2)
  2 komodo dragons
  A rime drake (Lair:2)
  8 cane toads
  A polar bear (Lair:2)
  A blink frog (Lair:1)
  A jumping spider (Lair:2)
  5 spriggans (Lair:1)
  4 yaks
  A wyvern (D:8)
  A basilisk (Lair:1)
  3 steam dragons
  Menkaure (D:5)
  A water moccasin (Lair:1)
  3 orc warriors
  3 wolves
  A centaur (D:8)
  2 lemures (D:9)
  Blork the orc (D:5)
  2 bullfrogs (Lair:1)
  A gnoll sergeant (D:5)
  A scorpion (D:4)
  4 wights (D:6)
  A gnoll bouda (D:4)
  2 orc priests (D:6)
  A hound (D:6)
  A jelly (D:8)
  Jessica (D:3)
  An iguana (D:7)
  5 orc wizards
  Natasha (D:3)
  6 gnolls
  A shadow imp (D:7)
  A white imp (D:7)
  2 worms
  8 orcs
  A giant cockroach (D:5)
  A goblin (D:3)
  A hobgoblin (D:3)
  4 jackals
  A quokka (D:4)
  2 bats
  A rat (D:3)
96 creatures vanquished.

Vanquished Creatures (others)
  4 dancing weapons
  A water moccasin zombie (Lair:1)
  2 spriggan zombies (Lair:1)
  An orc wizard (D:6)
  3 knights
  5 fungi
  13 plants
29 creatures vanquished.

Grand Total: 305 creatures vanquished

Notes
Turn   | Place    | Note
-------+----------+-------------------------------------------
     0 | D:1      | Zonian the Djinni Ice Elementalist began the quest for the
                  | Orb.
     0 | D:1      | Zonian set off with the following spells memorised: Freeze,
                  | Frozen Ramparts, Ozocubu's Armour, Summon Ice Beast.
     0 | D:1      | Reached XP level 1. HP: 15/15 MP: 0/0
    83 | D:1      | Reached XP level 2. HP: 21/21 MP: 0/0
   716 | D:1      | Reached XP level 3. HP: 23/25 MP: 0/0
   716 | D:1      | Learned a level 1 spell: Summon Small Mammal
   728 | D:1      | Found a faded altar of an unknown god.
   819 | D:1      | Prayed at the altar of an unknown god.
   819 | D:1      | Became a worshipper of Hepliaklqana the Forgotten
   819 | D:1      | Reached * piety under Hepliaklqana
  1553 | D:2      | Found Iquikk's Antique Weapon Emporium.
  1954 | D:2      | Reached XP level 4. HP: 27/27 MP: 0/0
  2236 | D:3      | Reached ** piety under Hepliaklqana
  2238 | D:3      | Noticed Natasha
  2250 | D:3      | Killed Natasha
  2253 | D:3      | Remembered your ancestor Fancypants as a knight
  2267 | D:3      | Noticed Natasha
  2287 | D:3      | Killed Natasha
  2288 | D:3      | Reached XP level 5. HP: 3/31 MP: 0/0
  2288 | D:3      | Learned a level 2 spell: Static Discharge
  2825 | D:3      | Noticed Natasha
  2827 | D:3      | Killed Natasha
  3032 | D:3      | Found Qolehe's Antique Armour Shoppe.
  3040 | D:3      | Noticed Jessica
  3051 | D:3      | Killed Jessica
  3339 | D:3      | Reached XP level 6. HP: 35/36 MP: 0/0
  3346 | D:3      | Found a shimmering altar of Xom.
  4238 | D:4      | Found a glowing silver altar of Zin.
  4529 | D:4      | Noticed an ogre
  4537 | D:4      | Killed an ogre
  4538 | D:4      | Reached XP level 7. HP: 40/40 MP: 0/0
  4538 | D:4      | Learned a level 3 spell: Tukima's Dance
  4973 | D:4      | Reached skill level 5 in Dodging
  5161 | D:4      | Reached *** piety under Hepliaklqana
  5499 | D:5      | Entered Level 5 of the Dungeon
  5502 | D:5      | Noticed Menkaure
  5515 | D:5      | Killed Menkaure
  5516 | D:5      | Reached skill level 1 in Fighting
  5516 | D:5      | Reached skill level 1 in Short Blades
  5680 | D:5      | Found a glowing drain.
  5680 | D:5      | Noticed Prince Ribbit
  5687 | D:5      | Killed Prince Ribbit
  5688 | D:5      | Reached skill level 5 in Spellcasting
  5688 | D:5      | Reached XP level 8. HP: 19/48 MP: 0/0
  7580 | D:5      | Noticed Blork the orc
  8150 | D:5      | Killed Blork the orc
  8393 | D:5      | Reached XP level 9. HP: 28/55 MP: 0/0
  8393 | D:5      | Learned a level 4 spell: Animate Dead
  8825 | D:5      | Found the +3 woodcutter's axe {vorpal}
  8915 | D:5      | Found a staircase to the Ecumenical Temple.
  9839 | D:6      | Reached skill level 5 in Fighting
 10335 | D:6      | Identified a scroll of acquirement
 10335 | D:6      | Acquired the ring of Perion {Fire Dex+6}
 10568 | D:2      | Bought a glowing short sword for 162 gold pieces
 10663 | D:7      | Reached **** piety under Hepliaklqana
 11438 | D:7      | Reached skill level 5 in Short Blades
 12268 | D:8      | Reached XP level 10. HP: 45/63 MP: 0/0
 13225 | D:8      | Found a sparkling altar of Nemelex Xobeh.
 14422 | D:9      | Noticed a two-headed ogre
 14436 | D:9      | Killed a two-headed ogre
 14437 | D:9      | Reached XP level 11. HP: 67/68 MP: 0/0
 14437 | D:9      | Learned a level 5 spell: Blade Hands
 14844 | D:9      | Noticed Pikel
 15132 | D:9      | Reached skill level 1 in Invocations
 15266 | D:9      | Killed Pikel
 15344 | D:9      | Reached ***** piety under Hepliaklqana
 15383 | D:9      | Found a staircase to the Lair.
 15491 | D:9      | Found a glowing golden altar of the Shining One.
 15876 | Lair:1   | Entered Level 1 of the Lair of Beasts
 16697 | Lair:1   | Reached skill level 5 in Invocations
 17502 | Lair:2   | Reached skill level 10 in Spellcasting
 17606 | Lair:2   | Identified the +1 chain mail of Moral Flaws {rN+ Str-3
                  | Int+4}
 17626 | Lair:2   | Reached XP level 12. HP: 10/72 MP: 0/0
 17990 | Lair:1   | Noticed Shayle's ghost (novice DjRe)
 17990 | Lair:1   | Found a transporter.
 17990 | Lair:1   | Found a transporter.
 19579 | Lair:2   | Found a hole to the Spider Nest.
 20529 | Lair:2   | Noticed Amaemon
 20539 | Lair:2   | Killed Amaemon
 21682 | Lair:2   | Noticed Erica
 21703 | Lair:2   | Killed Erica
 22554 | Lair:3   | Reached skill level 10 in Fighting
 24219 | Lair:3   | Acquired 899 gold pieces
 24245 | Lair:3   | Reached XP level 13. HP: 65/88 MP: 0/0
 24245 | Lair:3   | Learned a level 5 spell: Yara's Violent Unravelling
 24370 | Lair:3   | Slain by a komodo dragon

Illustrated notes

Levels and vault maps discovered:
D:1:      erik_arrival_cave_to_civilisation [erik_arrival_cave_to_hall],
          layout_loops_ring, ebering_ecumenical_altar_sacrificial
D:2:      minmay_chambers_of_ones, layout_basic, serial_shops, shop
D:3:      layout_loops_ring, mainiacjoe_overflow_six_doors_small, serial_shops,
          shop, uniq_natasha, uniq_jessica
D:4:      layout_gridville, nicolae_overflow_crystal_walls
D:5:      layout_cave_pools, minmay_temple_entry_offerings,
          gup_sewer_entry_glass, minmay_misc_feat_chi,
          pf_guarded_unrand_woodcutter, uniq_menkaure, uniq_blork_the_orc,
          uniq_prince_ribbit1
D:6:      layout_loops_ring, chequers_serial_rivers_small_3,
          kennysheep_nondescript, st_stairs_8, minmay_curled_crystal
D:7:      layout_loops_corners
D:8:      layout_basic, lemuel_round_altar, minivault_11
D:9:      layout_loops_corners, tso_altar, mainiacjoe_overflow_chevrons,
          kiku_gazebo_pond_becter, lair_entry_dummy, uniq_pikel
Lair:1:   kb_forest_paths, layout_hall_layers, gammafunk_ghost_hive
Lair:2:   layout_hall_layers, nicolae_spider_entry_tight_spaces,
          beast_lair_carwin_5, uniq_erica, uniq_amaemon
Lair:3:   layout_small_grid, minmay_swamp_entry_worms, grunt_megastairs_4,
          lemuel_fruit_tree

Skill      XL: |  1  2  3  4  5  6  7  8  9 10 11 12 |
---------------+-------------------------------------+-----
Stealth        | 2 3 4 |  4.0
Dodging        | 3 4 5 |  5.0
Spellcasting   | 4 5 6 8 10 | 10.1
Fighting       | 2 4 5 10 | 10.9
Short Blades   | 1 3 5 8 |  8.0
Invocations    | 6 |  6.7

Action                   |  1- 3 |  4- 6 |  7- 9 | 10-12 | 13-15 || total
-------------------------+-------+-------+-------+-------+-------++-------
Melee: Short sword       |    20 |       |    60 |   463 |     9 ||   552
       Dagger            |    32 |   114 |   108 |       |       ||   254
       Punch             |       |     1 |     5 |     8 |       ||    14
       Battleaxe         |       |       |     5 |       |       ||     5
       Unarmed           |       |       |       |    19 |       ||    19
 Cast: Freeze            |    34 |    10 |       |     2 |       ||    46
       Summon Small Mamm |     1 |     2 |       |       |       ||     3
       Static Discharge  |       |     9 |    20 |    14 |     2 ||    45
       Frozen Ramparts   |       |     1 |    14 |    17 |       ||    32
       Tukima's Dance    |       |       |    23 |    12 |       ||    35
       Ozocubu's Armour  |       |       |     2 |     6 |       ||     8
       Summon Ice Beast  |       |       |     2 |     2 |       ||     4
       Blade Hands       |       |       |       |     2 |       ||     2
       Animate Dead      |       |       |       |     1 |       ||     1
Invok: Ancestor Identity |     1 |       |       |       |       ||     1
       Ancestor Life: Kn |       |     1 |       |       |       ||     1
       Recall Ancestor   |       |     1 |     1 |     3 |       ||     5
Evoke: Wand              |       |       |     1 |     1 |       ||     2
       Condenser vane    |       |       |       |     1 |       ||     1
  Use: Potion            |     1 |       |     1 |     1 |       ||     3
       Scroll            |       |    10 |     7 |     9 |       ||    26
 Stab: Sleeping          |     6 |     5 |     6 |     7 |       ||    24
       Distracted        |       |     1 |       |     5 |       ||     6
Armor: Robe              |    18 |    17 |    17 |    83 |       ||   135
Dodge: Dodged            |    62 |    72 |    81 |   228 |     1 ||   444

Table legend: (Time is in decaauts)
 A = Elapsed time spent in this place.
 B = Non-inter-level travel time spent in this place.
 C = Inter-level travel time spent in this place.
 D = Time resting spent in this place.
 E = Time spent auto-exploring this place.
 F = Levels seen in this place.
 G = Mean time per level.
                   A        B        C        D        E       F      G
               +--------+--------+--------+--------+--------+-----+--------+
         Total |  23955 |  23185 |    770 |  13487 |   6984 |  12 | 1996.2 |
       Dungeon |  15681 |  14956 |    725 |   7582 |   5552 |   9 | 1742.3 |
          Lair |   8274 |   8229 |     45 |   5905 |   1432 |   3 | 2758.0 |
               +--------+--------+--------+--------+--------+-----+--------+

Top non-repeatable levels by time:
  Lair:2: 4754 daAuts
     D:4: 3746 daAuts
     D:9: 2164 daAuts
     D:3: 2033 daAuts
  Lair:3: 1787 daAuts
  Lair:1: 1732 daAuts
     D:7: 1666 daAuts
     D:1: 1551 daAuts
     D:6: 1426 daAuts
     D:8: 1276 daAuts
     D:5: 1185 daAuts
     D:2: 630 daAuts
